[Event "*** Titled Tuesday Blitz"]
[Site "Chess.com"]
[Date "2021.02.09"]
[Round "10"]
[White "jacky72"]
[Black "bazar-wokzal"]
[Result "0-1"]
[WhiteElo "2690"]
[BlackElo "2563"]
[TimeControl "180+1"]
[EndTime "11:55:39 PST"]
[Termination "bazar-wokzal won by checkmate"]

1. d4 Nf6 2. c4 Nc6 3. Nf3 e6 4. a3 g6 5. Nc3 Bg7 6. e4 d5 7.
cxd5 exd5 8. e5 Ne4 9. Bd3 Bf5 10.
O-O O-O 11. Be3 f6 12. exf6 Bxf6 13. Qc2 Nxc3 14. Bxf5 Nb5 15. Bxg6 hxg6 16. Qxg6+ Kh8 17. Qh5+ Kg8 18. Bh6 Bg7 19. Bxg7 Kxg7 20. Ng5 Nbxd4 21. Qh7+ Kf6 22. Qh6+ Kf5 23. Nh7 Rg8 24. Qh5+ Ke6 25. Rfe1+ Kd6 26. Qh6+ Kc5 27. b3 Kb6 28. Nf6 Nf3+ 29.
Kf1 Nxe1 30. Nxg8 Qxg8 31. Rxe1 Re8 32. Rc1 Qe6 33. Qd2 a5 34. b4 axb4 35. axb4 Qe4 36. b5 Nd4 37. Rd1 Nxb5 38. Kg1 d4 39. h4 Qe2 40.
Qc1 c5 41. h5 Qxh5 42. Rf1 Rh8 43. f3 Qh2+ 44. Kf2 Qh4+ 45. Kg1 d3 46. Qe3 Qd4 47. Kf2 c4 48. Rb1 Qxe3+ 49. Kxe3 Re8+ 50. Kd2 Re2+ 51. Kc1 Kc5 52. g4 Rc2+ 53. Kd1 Nc3+ 54. Ke1 d2+ 55. Kf2 d1=Q+ 56. Ke3 Qd2# 0-1

[Event "*** Titled Tuesday Blitz"]
[Site "Chess.com"]
[Date "2021.02.09"]
[Round "10"]
[White "serhanberat_ozdemir"]
[Black "MPGM"]
[Result "1-0"]
[WhiteElo "2512"]
[BlackElo "2610"]
[TimeControl "180+1"]
[EndTime "11:55:40 PST"]
[Termination "serhanberat_ozdemir won on time"]

1. e4 e5 2. Nf3 Nc6 3. d4 exd4 4.
Bc4 Nf6 5. e5 Ne4 6. O-O Be7 7.
Re1 Nc5 8. Nxd4 Nxd4 9. Qxd4 O-O 10.
Nc3 Ne6 11. Qe4 d6 12. exd6 Bxd6 13. Be3 Re8 14. Bb3 Nc5 15. Qxe8+ Qxe8 16. Bxc5 Be6 17. Bxd6 cxd6 18. Rad1 Rd8 19. Rd4 Qd7 20. Red1 Bxb3 21.
axb3 g6 22. h3 Kg7 23. Ne4 Qc6 24. c4 Qb6 25. R1d3 f5 26. Nxd6 Kg8 27. g4 fxg4 28.
hxg4 Rf8 29. Kg2 Qc6+ 30. f3 b6 31. Ne4 Qc7 32. g5 Kh8 33. Rd7 Qe5 34. Rxa7 Qxb2+ 35. Kg3 h6 36. Nf6 Rxf6 37. gxf6 Qe5+ 38. f4 Qxf6 39. Rdd7 Qc3+ 40. Kg4 1-0

[Event "*** Titled Tuesday Blitz"]
[Site "Chess.com"]
[Date "2021.02.09"]
[Round "10"]
[White "KingCyber19"]
[Black "ajedrez1101"]
[Result "1-0"]
[WhiteElo "2550"]
[BlackElo "2104"]
[TimeControl "180+1"]
[EndTime "11:55:40 PST"]
[Termination "KingCyber19 won by checkmate"]

1. d4 b6 2. c4 Bb7 3. Nc3 e6 4. e4 Bb4 5. f3 f5 6. Bd3 Nh6 7. Bxh6 Qh4+ 8. g3 Qxh6 9. Qd2 Qxd2+ 10. Kxd2 fxe4 11. fxe4 Nc6 12. Ne2 e5 13. d5 Nd4 14.
a3 Nb3+ 15. Kc2 Nxa1+ 16. Rxa1 Bxc3 17. Nxc3 d6 18. Rf1 Rf8 19. Rxf8+ Kxf8 20. Nb5 Ke7 21.
Nxc7 Rf8 22. Ne6 Rf2+ 23. Kc3 g6 24. b4 Bc8 25. Nc7 a6 26. Na8 Rxh2 27. Nxb6 Bg4 28.
c5 Rg2 29. Nc4 dxc5 30. bxc5 Rxg3 31. d6+ Kd8 32. c6 Be2 33. Nxe5 Bxd3 34. Nxd3 h5 35. Kd4 h4 36. e5 Rxd3+ 37. Kxd3 h3 38. e6 h2 39. e7+ Ke8 40. c7 h1=Q 41. c8=Q+ Kf7 42. e8=Q+ Kg7 43. Qe7+ Kh6 44. Qh8# 1-0

[Event "*** Titled Tuesday Blitz"]
[Site "Chess.com"]
[Date "2021.02.09"]
[Round "10"]
[White "fabianvivasz"]
[Black "profofchess"]
[Result "1-0"]
[WhiteElo "2347"]
[BlackElo "2396"]
[TimeControl "180+1"]
[EndTime "11:55:41 PST"]
[Termination "fabianvivasz won by resignation"]

1. e4 e6 2. d4 d5 3. Nd2 e5 4. dxe5 dxe4 5. Nxe4 Qxd1+ 6. Kxd1 Nc6 7. f4 f6 8. exf6 Nxf6 9. Nxf6+ gxf6 10. Be2 Rg8 11. Bh5+ Kd8 12. g3 Bc5 13. Nf3 Bh3 14. Re1 Kd7 15.
Be3 Be7 16. Ke2 Rad8 17. Rad1+ Kc8 18. Rxd8+ Rxd8 19. g4 Nb4 20. Rc1 Rg8 21. a3 Nd5 22. Rg1 Nxe3 23. Kxe3 Bc5+ 24. Nd4 Rg7 25. c3 f5 26. Kf3 fxg4+ 27. Bxg4+ Bxg4+ 28. Rxg4 Re7 29. Rg8+ Kd7 30. Rh8 Rf7 31. f5 Bd6 32. Kg4 Bxh2 33.
Nf3 Bd6 34. Ng5 Rg7 35. Rxh7 Rxh7 36. Nxh7 Ke7 37. f6+ Kf7 38. Kf5 a5 39. Ng5+ Kf8 40.
Ke6 a4 41. f7 Kg7 42. Ne4 Kf8 43. Nxd6 cxd6 44. c4 b6 45. Kxd6 Kxf7 46. Kc6 1-0

[Event "*** Titled Tuesday Blitz"]
[Site "Chess.com"]
[Date "2021.02.09"]
[Round "10"]
[White "AlexTriapishko"]
[Black "Beca95"]
[Result "0-1"]
[WhiteElo "2859"]
[BlackElo "2922"]
[TimeControl "180+1"]
[EndTime "11:55:42 PST"]
[Termination "Beca95 won on time"]

1. d4 Nf6 2. c4 c5 3. d5 e6 4. Nc3 exd5 5. cxd5 d6 6. Nf3 g6 7. e4 a6 8. a4 Bg4 9. Qb3 Bxf3 10. gxf3 Nbd7 11.
f4 Bh6 12. Be2 O-O 13. O-O Re8 14. Bf3 Rb8 15. a5 b5 16. axb6 Rxb6 17. Qc2 Kh8 18. Kh1 Ng8 19. Rg1 Qf6 20. Ne2 Ne5 21. Ra3 Nxf3 22. Rxf3 Rb4 23. Ng3 Qh4 24. Bd2 Rd4 25.
Bc3 Bxf4 26. Bxd4+ cxd4 27. Qd3 Nf6 28. Kg2 Be5 29. h3 Rb8 30. b3 a5 31. Rc1 Rb7 32. Rc8+ Kg7 33. Qa6 Re7 34. Qd3 h5 35. Ra8 Qg5 36. Kf1 Qc1+ 37. Kg2 Bxg3 38. Rxg3 Nxe4 39. Rf3 Qg5+ 40. Kh2 Nd2 41. Rg3 Qf4 42. Kg2 Ne4 43. Qxd4+ Re5 44. Rd8 Qf6 45. Rf3 Rg5+ 0-1

[Event "*** Titled Tuesday Blitz"]
[Site "Chess.com"]
[Date "2021.02.09"]
[Round "10"]
[White "lelajavakhishvili"]
[Black "juancruzarias"]
[Result "0-1"]
[WhiteElo "2496"]
[BlackElo "2632"]
[TimeControl "180+1"]
[EndTime "11:55:42 PST"]
[Termination "juancruzarias won on time"]

1. d4 Nf6 2. c4 c5 3. d5 e5 4. Nc3 d6 5. g3 Nbd7 6. Bg2 Be7 7. e4 O-O 8. Nge2 Ne8 9. O-O Nc7 10. f4 Rb8 11. a4 b6 12. Bh3 Bf6 13. f5 a6 14. Kh1 b5 15. b3 bxc4 16. bxc4 Rb4 17.
Qd3 Nb6 18. Ba3 a5 19. Bxb4 cxb4 20. Nb5 Na6 21. g4 Nc5 22. Qf3 Nxc4 23. Rfd1 Ba6 24.
Bf1 Nb6 25. Ng3 Nbxa4 26. Nh5 Bxb5 27. Bxb5 Nc3 28. g5 Bxg5 29. Rg1 f6 30. Nxg7 Kxg7 31.
h4 N3xe4 32. Be2 a4 33. Rg4 h6 34. Rag1 Nc3 35. hxg5 hxg5 36. R4g2 Rh8+ 37. Rh2 N3e4 38. Rg2 b3 39. Bd3 Rxh2+ 40. Rxh2 Nxd3 41. Qxd3 b2 0-1

[Event "*** Titled Tuesday Blitz"]
[Site "Chess.com"]
[Date "2021.02.09"]
[Round "10"]
[White "ChampStan"]
[Black "frederiksvane"]
[Result "1-0"]
[WhiteElo "2256"]
[BlackElo "2692"]
[TimeControl "180+1"]
[EndTime "11:55:43 PST"]
[Termination "ChampStan won by checkmate"]

1. d4 f6 2. e4 Kf7 3. Nf3 e6 4. c4 Ne7 5. Nc3 d6 6. Bd3 Nd7 7. h4 e5 8. Be3 g6 9. h5 g5 10. Bxg5 fxg5 11. Nxg5+ Kf6 12. Qd2 Bh6 13. f4 exd4 14.
e5+ Nxe5 15. fxe5+ Kg7 16. Nce4 dxe5 17. O-O Nf5 18.
g4 Nd6 19. Nf6 Rf8 20. Nfxh7 Rxf1+ 21. Rxf1 e4 22. Be2 Bd7 23. Qxd4+ Kg8 24. Nf6+ Kh8 25. Nxd7+ Bg7 26. Nf6 Qe7 27. h6 Bxh6 28. Nh5+ Bg7 29. Qd5 c6 30. Nf7+ Nxf7 31. Qxf7 Bd4+ 32. Kg2 Qg5 33.
Qf5 Qe3 34. Re1 Rg8 35. Qf7 Qh6 36. Rh1 Qg5 37. Ng3+ Qh6 38. Rxh6# 1-0

[Event "*** Titled Tuesday Blitz"]
[Site "Chess.com"]
[Date "2021.02.09"]
[Round "10"]
[White "malakismayil"]
[Black "L1m96"]
[Result "0-1"]
[WhiteElo "2367"]
[BlackElo "2528"]
[TimeControl "180+1"]
[EndTime "11:55:43 PST"]
[Termination "L1m96 won on time"]

1. e4 e5 2. Nf3 Nc6 3. Bc4 Nf6 4. d3 Be7 5. Nc3 d6 6. h3 Na5 7. Bb3 O-O 8. O-O a6 9. Bg5 Nxb3 10. axb3 c6 11. d4 Qc7 12. dxe5 dxe5 13. Qe2 Be6 14.
Bh4 Rfd8 15. Bg3 Nd7 16. Rad1 f6 17. Nd2 Bf8 18. Nc4 b5 19. Ne3 Nc5 20. f4 Rxd1 21. Qxd1 b4 22. Nb1 Nxe4 23. Bh2 Bc5 24. Qf3 Bd5 25. Kh1 exf4 26. Nxd5 cxd5 27. Bxf4 Qd7 28. Nd2 Re8 29. Nxe4 dxe4 30. Qe2 Qe6 31. Be3 Bxe3 32. Qxe3 h6 33. Rd1 f5 34. Rd4 Qe5 35. g3 a5 36. Kg2 Kh7 37. Kf2 Rc8 38. c4 bxc3 39. bxc3 Rb8 40. b4 axb4 41. cxb4 Rc8 42. Rd2 Rc3 43. Qf4 Rf3+ 0-1

[Event "*** Titled Tuesday Blitz"]
[Site "Chess.com"]
[Date "2021.02.09"]
[Round "10"]
[White "JoliyRoger"]
[Black "Goryachkina"]
[Result "0-1"]
[WhiteElo "2426"]
[BlackElo "2661"]
[TimeControl "180+1"]
[EndTime "11:55:44 PST"]
[Termination "Goryachkina won on time"]

1. Nf3 d5 2. d4 Nf6 3. c4 e6 4.
cxd5 exd5 5. Nc3 c6 6. Bg5 h6 7. Bh4 Be7 8. Bxf6 Bxf6 9. e3 Bf5 10. Bd3 Bxd3 11. Qxd3 O-O 12. O-O Nd7 13. b4 a6 14.
a4 b5 15. a5 Be7 16. Na2 Bd6 17. Rac1 Rc8 18. Rc2 Qe7 19. Rfc1 Bxb4 20. Rxc6 Rxc6 21. Rxc6 Nb8 22. Rc2 Bxa5 23. Ne5 Bc7 24. Nc6 Qd6 25.
Ne5 Qe7 26. Nf3 Rd8 27. Qb3 Ba5 28. Rc5 Qe6 29. Nc3 Bxc3 30. Qxc3 Qg6 31. h3 Qb6 32. Qb3 Qb7 33. Ne5 b4 34. g3 f6 35.
Nd3 Nc6 36. Qa4 Rd6 37. Qb3 a5 38. Rxd5 a4 39. Qc4 Rxd5 40. Qxd5+ Kh8 41. Nf4 g5 0-1

[Event "*** Titled Tuesday Blitz"]
[Site "Chess.com"]
[Date "2021.02.09"]
[Round "10"]
[White "Sharpchess22"]
[Black "Ajedrez_con_German"]
[Result "1-0"]
[WhiteElo "2734"]
[BlackElo "2590"]
[TimeControl "180+1"]
[EndTime "11:55:45 PST"]
[Termination "Sharpchess22 won on time"]

1. c4 g6 2. Nf3 Bg7 3. d4 d6 4.
Nc3 c5 5. d5 e6 6. e4 Ne7 7. h4 exd5 8. cxd5 Bg4 9. Be2 O-O 10.
Bf4 Qb6 11. Qb3 Bxf3 12. gxf3 Be5 13. Bh6 Rd8 14. h5 Qxb3 15. axb3 Nd7 16. Be3 a6 17. Kd2 b5 18. Kc2 Nb6 19. Ra5 b4 20. Nb1 Rdc8 21.
Nd2 f5 22. Bg5 Rc7 23. hxg6 hxg6 24. Nc4 Nxc4 25. Bxc4 fxe4 26. fxe4 Rf8 27. Be3 Bd4 28. Bxd4 cxd4 29. Rh2 Kg7 30. Rxa6 Rd7 31. Kd3 g5 32. Bb5 Rdd8 33. Ra7 Kf6 34. Kxd4 Ng6 35. Rh6 Rh8 36. Rxh8 Rxh8 37. Rd7 Rh2 38. Rxd6+ Kg7 39. Rd7+ Kf6 40. e5+ Nxe5 41. Rd6+ Kf5 42. Re6 Nf3+ 43. Ke3 g4 44. Bd3+ Kg5 45. d6 Rh8 46. d7 Rd8 47. Bb5 Kf5 48.
Re8 1-0

[Event "*** Titled Tuesday Blitz"]
[Site "Chess.com"]
[Date "2021.02.09"]
[Round "10"]
[White "InitiatingASC"]
[Black "goldihouse"]
[Result "0-1"]
[WhiteElo "2423"]
[BlackElo "2551"]
[TimeControl "180+1"]
[EndTime "11:55:47 PST"]
[Termination "goldihouse won on time"]

1. d4 Nf6 2. Bf4 e6 3. Nc3 c5 4. d5 a6 5. g3 d6 6. dxe6 Bxe6 7. Bg2 d5 8. Nf3 Nc6 9. Ne5 Rc8 10. O-O Be7 11. Qd2 O-O 12. Rfd1 d4 13. Ne4 Nd5 14. Nxc6 Rxc6 15. c3 Nxf4 16. Qxf4 f5 17. Nd2 Bg5 18. Qe5 Bf6 19. Qf4 g5 20. Qf3 Rd6 21. cxd4 Rxd4 22. Qe3 Bf7 23. Bxb7 Qb6 24. Qf3 Rfd8 25. Qxf5 Rxd2 26.
Rxd2 Rxd2 27. Be4 Bg6 28. Qc8+ Rd8 29. Qg4 Rd4 30. Qc8+ Kg7 31. Bxg6 hxg6 32. Rc1 Be7 33. b3 Rd2 34. e3 Qf6 35. Rf1 Rxa2 36. Qb7 Rb2 37.
Kg2 c4 38. h4 gxh4 39. g4 Rxb3 40. Qd5 Rb5 41. Qxc4 Rg5 42. f3 Rc5 43. Qd3 Qe6 44. Rf2 Rd5 45. Qc3+ Bf6 46. Qc7+ Rd7 47. Qf4 g5 48. Qa4 Re7 49. e4 Qe5 50. Qxa6 Qg3+ 51. Kf1 Bd4 0-1

[Event "*** Titled Tuesday Blitz"]
[Site "Chess.com"]
[Date "2021.02.09"]
[Round "10"]
[White "ErikBlomqvist"]
[Black "Aslanov_Umid"]
[Result "0-1"]
[WhiteElo "2507"]
[BlackElo "2386"]
[TimeControl "180+1"]
[EndTime "11:55:47 PST"]
[Termination "Aslanov_Umid won by resignation"]

1. e4 c6 2. d4 d5 3. exd5 cxd5 4.
Bd3 Nf6 5. c3 Nc6 6. h3 g6 7.
Nf3 Bg7 8. O-O O-O 9. Re1 Bf5 10.
Bf1 Ne4 11. Be3 e5 12. dxe5 Nxe5 13. Nxe5 Bxe5 14. Nd2 Bc7 15. Nf3 Re8 16. Qb3 Qd6 17. Rad1 Red8 18. Bd4 Ng5 19. Be5 Nxf3+ 20. gxf3 Qc5 21.
Bxc7 Qxc7 22. Rxd5 Qf4 23. Qxb7 Be6 24. Rxd8+ Rxd8 25. Qe4 Qg5+ 26. Kh2 Rd2 27. Re2 Rd1 28. Re1 Rxe1 29.
Qxe1 Qf4+ 30. Kg1 Qxf3 31. Qe3 Qxe3 32. fxe3 Bxa2 33. Kf2 a5 34. b4 a4 35. Bd3 a3 36. b5 Bd5 37. Bb1 Kf8 38. e4 Bxe4 39. Ba2 Ke7 40. Ke3 f5 41. Kd4 g5 42. c4 h5 43. c5 g4 44. hxg4 hxg4 45. b6 g3 46. Ke3 g2 47. Kf2 Kd7 48. Bb3 Kc6 0-1

[Event "*** Titled Tuesday Blitz"]
[Site "Chess.com"]
[Date "2021.02.09"]
[Round "10"]
[White "JoachimMouhamad"]
[Black "Ze-Pequeno"]
[Result "0-1"]
[WhiteElo "2371"]
[BlackElo "2259"]
[TimeControl "180+1"]
[EndTime "11:55:47 PST"]
[Termination "Ze-Pequeno won on time"]

1. e4 c5 2. Nf3 d6 3. d4 cxd4 4. Nxd4 Nf6 5. Nc3 a6 6. f3 e6 7. Be3 b5 8. Qd2 h5 9. O-O-O Bb7 10. Kb1 Nbd7 11. a3 Rc8 12. g3 Ne5 13. h3 Nc4 14. Bxc4 Rxc4 15. g4 b4 16. axb4 Rxb4 17. g5 Nd7 18. f4 Qb8 19. Nb3 Bxe4 20. Nxe4 Rxe4 21. Rhf1 g6 22. Bd4 Rg8 23. Bc3 d5 24. Rfe1 Qxf4 25. Qxf4 Rxf4 26. Rxd5 Rf5 27. Rxf5 gxf5 28. h4 Bd6 29.
Rd1 Bg3 30. Rd4 f4 31. Nd2 Bxh4 32. Nf3 Bg3 33. Ra4 Nc5 34. Ra5 Ne4 35. Bd4 Kd7 36.
Rxa6 Nxg5 37. Ne5+ Kc7 38. Rc6+ Kb7 39. Rb6+ Kc7 40.
Rc6+ Kd8 41. Bb6+ Ke7 42. Rc7+ Kd6 43. Nxf7+ Nxf7 44. Rxf7 h4 45. Rh7 Kc6 46. Bg1 f3 47. Rh6 Kd5 0-1

[Event "*** Titled Tuesday Blitz"]
[Site "Chess.com"]
[Date "2021.02.09"]
[Round "10"]
[White "BilodeauA"]
[Black "TimofeevAr"]
[Result "1-0"]
[WhiteElo "2919"]
[BlackElo "2881"]
[TimeControl "180+1"]
[EndTime "11:55:48 PST"]
[Termination "BilodeauA won by checkmate"]

1. e4 d5 2. exd5 Nf6 3. d4 Nxd5 4. Nf3 g6 5. c4 Nf6 6. Nc3 Bg7 7.
Be2 O-O 8. O-O b6 9. Re1 Bb7 10. h3 Nbd7 11. Bf1 e6 12. Bf4 c5 13. d5 exd5 14. cxd5 Re8 15. Qd2 a6 16. a4 Rxe1 17. Rxe1 Qf8 18. Bc4 Re8 19. Rxe8 Qxe8 20. Qd3 Qc8 21.
d6 Qc6 22. Qe2 Bf8 23. Qd1 h6 24. Bg3 Kg7 25. Qd3 g5 26. Ne1 Qc8 27. Nc2 Nh5 28.
Bh2 Ndf6 29. Ne3 Nf4 30. Bxf4 gxf4 31. Nf5+ Kh8 32. Nd5 Bxd5 33. Bxd5 b5 34. axb5 axb5 35. Bxf7 Qd7 36. Bg6 c4 37. Qd2 Bg7 38. Qxf4 Qe6 39. g3 b4 40. Qd2 c3 41. bxc3 b3 42. c4 Qxc4 43. d7 Nxd7 44. Qxd7 Qc1+ 45. Kg2 Qa1 46. Qe8+ Bf8 47. Qxf8# 1-0

[Event "*** Titled Tuesday Blitz"]
[Site "Chess.com"]
[Date "2021.02.09"]
[Round "10"]
[White "Zhigalko_Sergei"]
[Black "GoltsevDmitry2000"]
[Result "1-0"]
[WhiteElo "2890"]
[BlackElo "2730"]
[TimeControl "180+1"]
[EndTime "11:55:49 PST"]
[Termination "Zhigalko_Sergei won on time"]

1. e4 e6 2. d4 d5 3. e5 c5 4. c3 Nc6 5. Nf3 Qb6 6. a3 c4 7. Nbd2 Na5 8. Be2 Bd7 9. O-O Ne7 10.
Rb1 Nf5 11. h4 Be7 12. h5 O-O 13. g4 Nh6 14. Nh2 f5 15. exf6 Bxf6 16. Ndf3 Nf7 17. g5 Be7 18. Ng4 e5 19. Ngxe5 Bf5 20. Be3 Nxe5 21.
Nxe5 Bxb1 22. Qxb1 Qe6 23. Bg4 Qd6 24. Nd7 Rfd8 25. Qf5 g6 26. Qe6+ Kh8 27. Ne5 Qxe6 28.
Bxe6 Kg7 29. h6+ Kf8 30. Nf7 Re8 31. Bxd5 Bd8 32. Ne5 Bc7 33. Nd7+ Ke7 34. Nf6 Rh8 35. Re1 Kd8 36. Kg2 Bd6 37. Rh1 Kc7 38. Rh4 Rad8 39. Re4 b5 40. Re6 Nc6 41. Be4 Rhf8 42. Nxh7 1-0

[Event "*** Titled Tuesday Blitz"]
[Site "Chess.com"]
[Date "2021.02.09"]
[Round "10"]
[White "verdest"]
[Black "FGHSMN"]
[Result "1-0"]
[WhiteElo "2526"]
[BlackElo "2618"]
[TimeControl "180+1"]
[EndTime "11:55:49 PST"]
[Termination "verdest won by resignation"]

1. d4 Nf6 2. c4 e6 3. Nf3 d5 4. Nc3 c6 5. cxd5 exd5 6. Qc2 Be7 7. Bg5 O-O 8. e3 h6 9. Bh4 Be6 10. Bd3 Nbd7 11. O-O Rc8 12. Rab1 Qc7 13. b4 Bd6 14. Bg3 Rfe8 15. a4 Bg4 16. Nd2 h5 17. Rfc1 h4 18. Nb5 cxb5 19. Qxc7 Bxc7 20. Bxc7 bxa4 21. Bb5 a3 22. Ra1 a6 23. Bd3 h3 24. Rxa3 Nb6 25.
Rac3 Nc4 26. Nxc4 Rxc7 27. Nd6 Rxc3 28. Rxc3 Re6 29. Nxb7 Rb6 30. Nc5 Rxb4 31. f3 Rb2 32. Rc2 Rxc2 33. Bxc2 Bc8 34. g4 Nd7 35. Nb3 Kf8 36.
Kf2 Ke7 37. Kg3 Nb6 38. Na5 Nc4 39. Nxc4 dxc4 40. Kf4 a5 41. Ke5 Bb7 42. d5 c3 43.
Kd4 Kd6 44. e4 f6 45. f4 Ke7 46. e5 fxe5+ 47. fxe5 Bc8 48. d6+ Kd8 49. g5 Be6 50. Kxc3 Kd7 51. Ba4+ Kd8 52. Kd4 Kc8 53. Kc5 Kb7 54.
Bb5 Bf5 55. Kd5 Kb6 56. Ba4 Kb7 57. e6 Kc8 58. e7 Bd7 59. e8=Q+ Bxe8 60. Bxe8 Kd8 61.
Ba4 g6 62. Ke6 1-0

[Event "*** Titled Tuesday Blitz"]
[Site "Chess.com"]
[Date "2021.02.09"]
[Round "10"]
[White "Mbneu"]
[Black "DarZay"]
[Result "1-0"]
[WhiteElo "2292"]
[BlackElo "2147"]
[TimeControl "180+1"]
[EndTime "11:55:49 PST"]
[Termination "Mbneu won on time"]

1. d4 d5 2. c4 e6 3. Nc3 Be7 4. Nf3 Nf6 5. g3 O-O 6. Bg2 c6 7. O-O Ne4 8. Ne5 f6 9. Nd3 f5 10. Bf4 Nd7 11. cxd5 exd5 12. f3 Nxc3 13. bxc3 Nf6 14.
Qc2 Bd6 15. Be5 Be6 16. Rae1 Qc7 17. Bxd6 Qxd6 18. Ne5 Nd7 19. Nxd7 Bxd7 20. e4 fxe4 21. fxe4 dxe4 22. Bxe4 h6 23. Qb3+ Kh8 24. Qxb7 Rfb8 25. Qa6 Rb2 26. Re2 Rab8 27. Bc2 Bh3 28. Rfe1 Rf8 29.
Be4 Rb6 30. Qd3 Qf6 31. Bg2 Bg4 32. Re8 Rb8 33. Rxb8 Rxb8 34. Qe3 Rf8 35. h3 Bf5 36. Qe5 Qg5 37. Rf1 Qg6 38. g4 Re8 39. Qxf5 Qd6 40. Qf4 Qe7 41. Kh2 Qa3 42. Qf7 Rb8 43. Rf2 Qxc3 44. Qf4 1-0

[Event "*** Titled Tuesday Blitz"]
[Site "Chess.com"]
[Date "2021.02.09"]
[Round "10"]
[White "ChessQueen"]
[Black "ural58"]
[Result "1-0"]
[WhiteElo "2790"]
[BlackElo "2491"]
[TimeControl "180+1"]
[EndTime "11:55:51 PST"]
[Termination "ChessQueen won on time"]

1. e4 d5 2. exd5 Qxd5 3. Nc3 Qa5 4. d4 Nf6 5. Nf3 Nc6 6. Bb5 Ne4 7. Qd3 Nxc3 8. bxc3 a6 9. Bxc6+ bxc6 10. Ne5 f6 11. Nc4 Qf5 12. Qe2 a5 13. Ne3 Qe4 14. O-O Ba6 15.
c4 Qxd4 16. Rb1 e6 17. Rd1 Qe4 18. Qd2 Be7 19. Qd7+ Kf7 20. Qxc7 Rhc8 21. Qxa5 Bxc4 22. Qh5+ Kg8 23. Rb7 g6 24. Qh6 Re8 25. f3 Qe5 26. Nxc4 Rad8 27. Rf1 Qe2 28. Ne3 Qa6 29. Rb3 Qxa2 30.
Qf4 e5 31. Qc4+ Kg7 32. Rb7 Qxc4 33. Nxc4 Kf8 34. Bh6+ Kg8 35. Be3 h5 36. Ra1 Bf8 37. Kf2 Rb8 38. Raa7 Rxb7 39. Rxb7 Rc8 40. Ke2 Re8 41. Nb6 Re6 42. c4 Ba3 43. c5 f5 44.
Ra7 Bb4 45. Ra4 Bc3 46. Ra3 Bb4 47. Rb3 Ba5 48. Nc4 Bc7 49. Rb7 Re7 50. Bg5 Rf7 51. Ra7 Kg7 52. Ra6 1-0

[Event "*** Titled Tuesday Blitz"]
[Site "Chess.com"]
[Date "2021.02.09"]
[Round "10"]
[White "GM_Huschenbeth"]
[Black "SanQui14"]
[Result "1-0"]
[WhiteElo "2611"]
[BlackElo "2457"]
[TimeControl "180+1"]
[EndTime "11:55:51 PST"]
[Termination "GM_Huschenbeth won on time"]

1. e4 e5 2. Nf3 Nc6 3. Bb5 a6 4. Ba4 Nf6 5. O-O Be7 6. Re1 b5 7. Bb3 O-O 8. c3 d5 9. d4 Nxe4 10.
dxe5 Be6 11. Nbd2 Nc5 12. Bc2 d4 13. cxd4 Nxd4 14. Nxd4 Qxd4 15. Nf3 Qxd1 16. Rxd1 Rfd8 17. Be3 Bg4 18. Rac1 Ne6 19. Be4 Rab8 20. h3 Bh5 21. Ba7 Rxd1+ 22. Rxd1 Rd8 23. Rxd8+ Nxd8 24. Nd4 Bg6 25. Nf5 Bf8 26. g4 c5 27. Bd5 Ne6 28.
Kh2 h5 29. Kg3 hxg4 30. hxg4 a5 31. Nd6 b4 32. f4 Bb1 33. f5 Nd8 34. Bxc5 Be7 35.
Bb6 Kf8 36. Bxa5 f6 37. Bxb4 fxe5 38. Bc5 Nf7 39. Nxf7 Bxc5 40. Nxe5 Bd6 41. Kf4 g5+ 42. fxg6 Bxg6 43. a4 Bc2 44. a5 Bd3 45. g5 Ke7 46.
Be4 1-0

[Event "*** Titled Tuesday Blitz"]
[Site "Chess.com"]
[Date "2021.02.09"]
[Round "10"]
[White "andrzej"]
[Black "Grammnik"]
[Result "1-0"]
[WhiteElo "2341"]
[BlackElo "2391"]
[TimeControl "180+1"]
[EndTime "11:55:51 PST"]
[Termination "andrzej won by resignation"]

1. e4 c6 2. d4 d5 3. exd5 cxd5 4.
Bd3 Qc7 5. c3 Nc6 6. Ne2 Bg4 7.
O-O e6 8. Qe1 Bd6 9. f3 Bh5 10.
Qh4 Nf6 11. Bg5 Bg6 12. Bxg6 fxg6 13. Nf4 Bxf4 14. Bxf4 Qf7 15. Na3 a6 16. Rae1 O-O 17. Nc2 Rfe8 18. Re2 Nh5 19. Bc1 e5 20. dxe5 Nxe5 21.
Rfe1 Nc6 22. Nd4 Rxe2 23. Rxe2 Re8 24. Qe1 Rxe2 25. Nxe2 Qe7 26. Qd1 Nf6 27. Bg5 Qc5+ 28. Kf1 Ne5 29. Qd4 Qxd4 30. Nxd4 Kf7 31. Ke2 Ke7 32.
a4 Kd6 33. Bf4 Nh5 34. Be3 Nc4 35. Bc1 Nf6 36. b3 Nb6 37. Bf4+ Kd7 38. Kd3 Nc8 39. g4 h6 40. Be5 Ne7 41. Bg3 Ne8 42.
Ne2 Nc6 43. Nf4 Ne7 44. Kd4 Nc7 45. Nd3 Nc6+ 46. Kc5 Ne6+ 47. Kxd5 Na5 48. Ne5+ Ke7 49. b4 Kf6 50. bxa5 Nc5 51. Kxc5 1-0

[Event "*** Titled Tuesday Blitz"]
[Site "Chess.com"]
[Date "2021.02.09"]
[Round "10"]
[White "KarateBaby"]
[Black "GMJustin"]
[Result "0-1"]
[WhiteElo "2395"]
[BlackElo "2308"]
[TimeControl "180+1"]
[EndTime "11:55:52 PST"]
[Termination "GMJustin won by checkmate"]

1. b3 d6 2. Bb2 c5 3. e3 e5 4.
Nc3 d5 5. e4 d4 6. Nd5 Nf6 7.
Nxf6+ Qxf6 8. Nf3 Bd6 9. Bb5+ Nd7 10. Bxd7+ Bxd7 11. d3 Qg6 12. g3 Bh3 13. Nh4 Qf6 14.
Qh5 g6 15. Qe2 g5 16. Nf5 Bxf5 17. exf5 Qxf5 18. O-O-O O-O-O 19. Kb1 g4 20. Bc1 h5 21. Rhe1 Qg6 22. Qd2 f5 23. Ba3 Kb8 24. Qa5 b6 25.
Qa6 Qf7 26. Bc1 Qd5 27. Bg5 Rde8 28. Re2 e4 29. Rde1 Qc6 30. Qc4 Rh7 31. a4 Kb7 32. Ka2 a6 33. dxe4 fxe4 34. b4 Qxa4+ 35. Kb2 Qxb4+ 36. Qxb4 cxb4 37. Rxe4 Rxe4 38. Rxe4 Rf7 39. Rxd4 Be5 40. Be3 Rd7 41. c3 bxc3+ 42. Kxc3 Bxd4+ 43. Bxd4 Rxd4 44. Kxd4 a5 45. Ke4 a4 46. Kf4 a3 47.
Kg5 a2 48. Kxh5 a1=Q 49. Kxg4 Qd4+ 50. f4 Kc6 51. h4 Kd6 52. h5 Ke6 53. Kg5 Kf7 54.
g4 Qf6# 0-1

[Event "*** Titled Tuesday Blitz"]
[Site "Chess.com"]
[Date "2021.02.09"]
[Round "10"]
[White "leoduarte"]
[Black "Grineva_Marianna"]
[Result "0-1"]
[WhiteElo "2369"]
[BlackElo "2238"]
[TimeControl "180+1"]
[EndTime "11:55:52 PST"]
[Termination "Grineva_Marianna won on time"]

1. e4 c5 2. Nf3 Nc6 3. d4 cxd4 4. Nxd4 Nf6 5. Nc3 g6 6. Be3 Bg7 7. Bc4 d6 8. f3 O-O 9. h4 Qa5 10. Bb3 Bd7 11. h5 Nxh5 12. g4 Nf6 13. Qd2 Rac8 14. O-O-O Ne5 15. Kb1 Rxc3 16. Qxc3 Qxc3 17. bxc3 Rc8 18. Kb2 Be8 19. g5 Nfd7 20. f4 Nc4+ 21. Bxc4 Rxc4 22. Kb3 Rc8 23. Ne2 Nc5+ 24. Bxc5 Rxc5 25.
Rh3 Bd7 26. Re3 Be6+ 27. Kb2 Ra5 28. a3 Rb5+ 29. Kc1 Ra5 30. Kb2 Bg4 31. Rd2 Ra4 32.
Nd4 Rc4 33. Nb3 b6 34. Nd4 h6 35.
Nb3 h5 36. Nd4 Kf8 37. Nb3 Ke8 38. Nd4 Kd7 39. Nb3 Kc7 40. Nd4 a6 41. Nb3 h4 42. Rh2 h3 43. Rexh3 Bxh3 44. Rxh3 b5 45. Kc1 Bxc3 46. Rh7 f6 0-1

[Event "*** Titled Tuesday Blitz"]
[Site "Chess.com"]
[Date "2021.02.09"]
[Round "10"]
[White "bangchess21"]
[Black "elextranjero00"]
[Result "1/2-1/2"]
[WhiteElo "2731"]
[BlackElo "2606"]
[TimeControl "180+1"]
[EndTime "11:55:53 PST"]
[Termination "Game drawn by agreement"]

1. d4 Nf6 2. Bf4 d5 3. e3 e6 4. Nd2 c5 5. c3 Nc6 6. Ngf3 Nh5 7.
Bg5 f6 8. Bh4 g6 9. Bd3 cxd4 10.
cxd4 Bd6 11. a3 O-O 12. Qe2 Bd7 13. Bg3 Nxg3 14. hxg3 f5 15. Nh4 Qf6 16. f4 Rac8 17. Nhf3 Rc7 18. Kf2 Rfc8 19. Rac1 Be8 20. Nb3 a6 21. Nc5 Nb8 22. Nb3 Ba4 23. Nfd2 Rxc1 24. Rxc1 Rxc1 25. Nxc1 Qe7 26. Nf3 Qc7 27. Qd2 Be8 28.
Ne2 Nd7 29. Ng5 Bf7 30. Ng1 Nf6 31. N1f3 h6 32. Nxf7 Kxf7 33. Ke2 Kg7 34. Qc2 Qxc2+ 35. Bxc2 a5 36. Bd3 b6 37. Bc2 Kf8 38. Bd3 Ke7 39. Bc2 Ne8 40. Bd3 Nc7 41. Bc2 Kf6 42.
Bd3 Ne8 43. Bb5 Nc7 44. Bd3 Ke7 45. Nd2 Kf6 46. Nb1 g5 47. Nc3 g4 48. Nb5 Nxb5 49.
Bxb5 Ke7 50. Bd3 Bc7 51. Bb5 Bd6 1/2-1/2